 Dungeon Crawl Stone Soup version 0.17-a0-802-g1f09329 (webtiles) character file.

163268 ICantDie the Ripper (level 16, -8/82 HPs)
             Began as a Felid Berserker on Apr 26, 2015.
             Was the Champion of Trog.
             Mangled by a snapping turtle (27 damage)
             ... on level 5 of the Shoals.
             The game lasted 03:28:18 (69859 turns).

ICantDie the Ripper (Felid Berserker)              Turns: 69859, Time: 03:28:19

Health: -8/82      AC:  8    Str: 15    XL:     16   Next: 98%
Magic:  28/28      EV: 37    Int:  9    God:    Trog [******]
Gold:   2547       SH:  0    Dex: 22    Spells: 0 memorised, 15 levels left
                                        Lives:  0   Deaths: 5

rFire  . . .     SeeInvis +       - Unarmed
rCold  + . .     Clarity  +     (armour unavailable)
rNeg   . . .     SustAb   .     (shield unavailable)
rPois  .         Gourm    .     (helmet unavailable)
rElec  .         Spirit   .     (cloak unavailable)
rCorr  .         Warding  .     (gloves unavailable)
rMut   .         Stasis   .     (boots unavailable)
MR     ++...                    h - amulet of clarity
Stlth  +++++++++.               q - +2 ring of protection
                                T - +3 ring of protection

@: exhausted, slowed, slow, very resistant to hostile enchantments, incredibly
stealthy
A: no armour, no weapons or thrown items, claws 1, fangs 3, horns 1, see
invisible, breathe flames 1, carnivore 3, speed 1, shaggy fur 3, slow metabolism
1, strong 1, sharp paws
a: Burn Spellbooks, Berserk, Trog's Hand, Brothers in Arms, Renounce Religion,
Breathe Fire
}: 1/15 runes: gossamer


You were on level 5 of the Shoals.
You worshipped Trog.
Trog was exalted by your worship.
You were hungry.

You visited 6 branches of the dungeon, and saw 41 of its levels.

You collected 3918 gold pieces.
You spent 1371 gold pieces at shops.

Inventory:

Jewellery
 b - a cursed amulet of warding
 c - an uncursed ring of sustain abilities
 h - an amulet of clarity (around neck)
 k - the amulet "Wapnet" {+Rage +Inv rF+ Int+2 SInv}
   (You acquired it on level 3 of the Vaults)

   [amulet of rage]

   It affects your intelligence (+2).
   It protects you from fire.
   It enhances your eyesight.
   It lets you turn invisible.
   It lets you go berserk.
 l - a cursed ring of magical power
 o - an uncursed ring of protection from fire
 q - a +2 ring of protection (right paw)
 v - an uncursed ring of teleportation
 L - an uncursed amulet of resist mutation
 O - a cursed ring of stealth
 P - an uncursed ring of magical power
 T - a +3 ring of protection (left paw)
 U - an uncursed ring of flight
 Y - an uncursed ring of poison resistance
 Z - an uncursed ring of positive energy
Magical devices
 m - a wand of polymorph (14)
 n - a wand of flame (2)
 p - a wand of digging (6)
 t - a wand of flame (6)
 u - a wand of frost (12)
 H - a wand of heal wounds (3)
 K - a wand of teleportation (3)
 N - a wand of teleportation (1)
 V - a wand of teleportation (3)
Scrolls
 d - 16 scrolls of remove curse
 e - 7 scrolls of identify
 g - a scroll of holy word
 i - 9 scrolls of magic mapping
 w - 2 scrolls of fog
 z - 2 scrolls of fear
 B - a scroll of teleportation
 J - 2 scrolls of summoning
 S - 3 scrolls of blinking
 X - 2 scrolls of recharging
Potions
 f - 6 potions of haste
 j - 3 potions of magic
 r - 6 potions of invisibility
 s - 3 potions of resistance
 F - 5 potions of restore abilities
 W - a potion of cure mutation
Books
 E - a book of Burglary

   Spells                             Type                      Level
   a - Swiftness                      Charms/Air                   2
   b - Passwall                       Transmutation/Earth          3
   c - Passage of Golubria            Translocation                4
   d - Lee's Rapid Deconstruction     Earth                        5
   e - Invisibility                   Hexes                        6
   f - Darkness                       Hexes                        7
   Trog disapproves of the use of such an item.
Miscellaneous
 x - a phantom mirror
 y - a disc of storms
 D - a fan of gales
 G - a lamp of fire
Comestibles
 a - 21 meat rations
 A - 9 slices of pizza
 Q - 17 royal jellies
 R - 6 beef jerkies


   Skills:
 + Level 15.6 Fighting
 + Level 19.0 Dodging
 + Level 20.0 Stealth
 * Level 20.8 Unarmed Combat
 + Level 14.9 Evocations


You had 15 spell levels left.
You didn't know any spells.

Dungeon Overview and Level Annotations

Branches:
Dungeon (15/15)            Temple (0/1) D:4            Lair (8/8) D:10
 Shoals (5/5) Lair:3       Spider (5/5) Lair:3        Slime (0/6) Lair:6
    Orc (4/4) D:12            Elf (0/3) Orc:4        Vaults (4/5) D:14
  Crypt (0/3) Vaults:3     Depths (0/5) D:15

Altars:
Ashenzari
Fedhas
Gozag
Kikubaaqudgha
Makhleb
Nemelex Xobeh
Qazlal
Ru
Trog
Yredelemnul
Zin
Jiyva

Shops:
D:4 =   D:12 *   Orc:4 ([%!(   Vaults:2 (

Annotations:
D:3 Grinder; Ijyb; Vidiiot's ghost, weakling HOBe
D:4 exclusion: phantom
D:5 exclusion: ogre
D:7 exclusion: centaur
D:9 exclusions: death yak, electric eel and giant spore
D:11 exclusion: downstairs
Lair:5 exclusion: ice dragon
Shoals:4 exclusion: oklob plant
Spider:1 Nikola
Vaults:1 exclusion: orange crystal statue


Innate Abilities, Weirdness & Mutations

You cannot wear armour.
You are incapable of wielding weapons or throwing items.
You have sharp claws.
You have razor-sharp teeth.
You have supernaturally acute eyesight.
You are carnivorous and can eat meat at any time.
You cover ground quickly.
Your thick and shaggy fur keeps you warm (AC +3, rC+).
You have a slow metabolism.
Your sharp claws are effective at attacking unaware monsters.
You have a pair of small horns on your head.
You can breathe flames.
Your muscles are strong. (Str +2)


Message History

Your deep troll is poisoned.
The sea snake poisons your deep troll!
You are no longer berserk.
You are exhausted.
You feel yourself slow down.
The merfolk hits your deep troll with a trident!
The snapping turtle bites your deep troll!!
Your deep troll bites the merfolk.
Your deep troll claws the merfolk!!
The merfolk dies!
Trog accepts your kill.
You hear a splash.
Things that are here:
a trident of freezing; a robe Use which ability? (? or * to list)
Your iron troll goes berserk!
You are feeling hungry.
Your deep troll dies!
Your deep troll's corpse disappears in a puff of smoke!
The snapping turtle bites you from afar!!
You die...

≈≈≈≈≈≈≈≈##### ≈≈≈≈≈≈≈≈≈.P
≈≈≈≈≈≈≈≈##≈≈≈## ≈≈≈≈≈≈≈≈....
≈≈≈≈≈≈≈≈#≈≈≈≈≈# ≈≈≈≈≈≈≈≈.###
≈≈≈≈≈≈≈≈≈#≈≈:≈≈# ≈≈≈≈≈≈≈≈.# #
≈...≈≈≈≈#≈≈≈≈≈# ≈≈≈≈≈≈≈≈.### ≈≈
....≈≈≈##≈†)##≈≈≈≈≈≈≈≈≈.... <≈.
##..≈≈##t##≈≈≈≈≈≈≈≈≈≈≈≈..
...######....≈≈.S)≈≈≈≈≈≈≈≈≈≈≈....
≈≈............≈≈@≈≈≈≈≈≈≈≈≈≈≈≈....
≈..≈≈..........≈≈≈≈≈≈≈≈≈≈≈≈≈.....
..............≈T≈≈≈≈≈≈≈≈≈≈≈≈.....
..≈.....##.....≈≈≈≈≈≈≈≈≈≈≈≈≈...)#
.≈......##.....≈≈≈≈≈≈≈≈≈≈≈≈≈..))#
................≈≈≈≈≈≈≈≈≈≈≈(.)))'
#...##....####..≈≈≈≈≈≈≈≈≈≈≈≈....#
#...#.########...≈≈≈≈≈≈≈≈≈≈†....#
.≈≈..# #....#...≈≈≈≈≈≈≈≈≈....


You could see a sea snake, a snapping turtle and a friendly iron troll
(berserk).

Vanquished Creatures
  Agnes (Spider:1)
  4 fire giants
  Ilsuiw (Shoals:5)
  A storm dragon (Vaults:4)
  3 frost giants
  A deep elf sorcerer (Vaults:4)
  5 emperor scorpions
  Louise (Spider:1)
  6 vault wardens
  4 ghost moths (Spider:5)
  2 ghouls (D:15)
  7 ironheart preservers
  4 very ugly things
  5 stone giants
  Nessos (Lair:8)
  A deep elf demonologist (Vaults:1)
  A small abomination (Vaults:4)
  2 ettins (Vaults:3)
  4 merfolk javelineers (Shoals:5)
  2 vault guards (Vaults:4)
  Snorg (Lair:8)
  A deep elf death mage (Vaults:4)
  3 merfolk impalers
  2 fire dragons
  10 ogre magi
  5 yaktaur captains
  2 entropy weavers
  4 great orbs of eyes
  A merfolk avatar (Shoals:1)
  An ice dragon (shapeshifter) (Vaults:4)
  2 ice dragons (D:15)
  5 catoblepae
  2 hydras
  2 alligator snapping turtles
  2 centaur warriors
  5 salamander stormcallers
  2 tengu warriors (D:15)
  2 merfolk aquamancers (Shoals:5)
  A deep troll shaman (Vaults:3)
  2 satyrs
  A titan zombie (Vaults:3)
  An orc high priest (Orc:2)
  18 death yaks
  2 deep elf knights
  A shock serpent (shapeshifter) (Vaults:4)
  Sonja (Orc:2)
  A fire crab (Lair:8)
  2 flayed ghosts (Vaults:4)
  15 skeletal warriors
  2 deep trolls (Vaults:3)
  2 unseen horrors
  3 giant orange brains
  5 hill giants
  A deep elf summoner (Vaults:4)
  8 sea snakes
  18 orc knights
  A lindwurm (shapeshifter) (Vaults:2)
  4 orc sorcerers
  11 ironbrand convokers
  A wizard (Vaults:1)
  2 wolf spider zombies (D:15)
  2 deep elf conjurers (Vaults:1)
  26 wolf spiders
  An orb spider (shapeshifter) (Vaults:2)
  8 cyclopes
  13 orb spiders
  8 hornets
  2 water nymphs (Shoals:4)
  11 manticores
  19 harpies
  2 necromancers
  13 griffons
  5 fauns
  12 sirens
  19 ugly things
  An oklob plant (Lair:8)
  A frost giant skeleton (Vaults:3)
  3 elephants (Lair:3)
  5 centaur zombies
  7 human skeletons
  3 stone giant skeletons
  Joseph (D:15)
  10 spiny frogs
  A gargoyle (D:12)
  3 torpor snails
  12 vault sentinels
  6 centaur skeletons
  2 kobold demonologists
  5 black mambas
  6 demonic crawlers
  8 fire drakes
  21 yaktaurs
  5 komodo dragons
  A queen bee (Lair:2)
  A deep elf priest (D:14)
  A guardian mummy (D:15)
  30 merfolk
  A troll (shapeshifter) (Vaults:2)
  4 trolls
  16 jumping spiders
  A polar bear (Lair:8)
  12 two-headed ogres
  5 freezing wraiths
  Prince Ribbit (D:9)
  A baby alligator (shapeshifter) (Vaults:1)
  A stone giant simulacrum (Vaults:1)
  3 wind drakes
  3 boulder beetles
  4 ravens (D:15)
  13 snapping turtles
  3 deep elf magi
  16 slime creatures
  25 blink frogs
  An ettin zombie (Vaults:3)
  69 yaks
  28 redbacks
  A shadow (D:13)
  An ettin skeleton (Vaults:3)
  17 tarantellas
  18 trapdoor spiders
  11 water elementals
  3 wraiths
  2 wyverns
  13 hippogriffs
  4 basilisks
  17 vampire mosquitoes
  9 deep elf fighters
  A hungry ghost (D:13)
  19 wolves
  A mottled dragon (shapeshifter) (Vaults:3)
  A mottled dragon (Vaults:2)
  17 water moccasins
  6 wargs
  49 orc warriors
  12 porcupines
  A phantom (D:13)
  4 black bears
  6 sky beasts
  21 spiders
  16 ice beasts
  2 necrophages
  4 wasps
  24 centaurs
  A boring beetle (shapeshifter) (Vaults:1)
  4 boring beetles
  41 ogres
  5 big kobolds
  14 crocodiles
  A human zombie (Vaults:3)
  2 wyvern zombies
  A glowing shapeshifter simulacrum (Vaults:3)
  2 wyvern skeletons
  21 giant frogs
  6 scorpions
  A human simulacrum (Vaults:3)
  7 wights
  41 killer bees
  An elf skeleton (Vaults:4)
  7 electric eels
  5 hounds
  7 crimson imps
  A gnoll shaman (D:7)
  An iron imp (Vaults:3)
  30 orc priests
  3 giant frog skeletons
  23 orc wizards
  12 worker ants
  Natasha (twice) (D:3 D:2)
  15 iguanas
  19 sheep
  6 mummies (D:15)
  9 gnolls
  A worker ant zombie (D:10)
  42 river rats
  11 adders
  2 shadow imps (D:9)
  4 white imps
  2 ufetubi
  2 oozes (D:1)
  An adder zombie (D:8)
  3 worms
  2 giant geckos
  196 orcs
  3 giant cockroaches
  22 hobgoblins
  4 jackals
  3 quokkas
  2 ball pythons
  23 bats
  3 giant newts
  A giant spore (D:15)
  24 goblins
  22 kobolds
  12 rats
  3 ballistomycetes (D:15)
1648 creatures vanquished.

Vanquished Creatures (collateral kills)
  A lich (Vaults:4)
  Polyphemus (Shoals:3)
  3 vault wardens
  A ghoul (D:15)
  An ironheart preserver (Vaults:2)
  A very ugly thing (Vaults:4)
  2 merfolk javelineers (Shoals:5)
  A yaktaur captain (Vaults:3)
  An ogre mage (Vaults:2)
  A rakshasa (Vaults:2)
  A centaur warrior (D:13)
  A catoblepas (Shoals:3)
  2 death yaks (Shoals:3)
  Urug (D:15)
  A skeletal warrior (Vaults:3)
  2 harpies (Vaults:4)
  A hill giant (Vaults:1)
  An orb spider (Spider:5)
  A wolf spider (Spider:5)
  A wolf spider zombie (D:15)
  A cyclops (Vaults:2)
  2 orc knights
  A tengu skeleton (Vaults:2)
  A water nymph (Shoals:4)
  2 manticores
  19 ugly things
  A vault sentinel (Vaults:2)
  11 yaktaurs
  A demonic crawler (Spider:4)
  A freezing wraith (Vaults:2)
  2 merfolk (Shoals:5)
  A two-headed ogre (D:13)
  3 snapping turtles
  4 jumping spiders
  A hornet zombie (D:15)
  A wind drake (Shoals:4)
  2 ravens (D:15)
  A trapdoor spider (Spider:5)
  3 tarantellas (Spider:5)
  A hungry ghost (D:15)
  6 orc warriors
  7 centaurs
  11 ogres
  A glowing shapeshifter simulacrum (Vaults:4)
  3 human skeletons (Vaults:2)
  2 orc priests (Vaults:2)
  A mummy (D:15)
115 creatures vanquished.

Vanquished Creatures (others)
  An iron troll (Vaults:2)
  2 deep trolls
  A hill giant (Shoals:3)
  A necromancer (Vaults:2)
  An ugly thing (Vaults:2)
  A torpor snail (Spider:4)
  A yaktaur (Vaults:2)
  2 two-headed ogres (Vaults:2)
  A tengu conjurer (D:15)
  4 trolls
  An ettin simulacrum (Vaults:2)
  An orc wizard (Orc:2)
  A river rat (Lair:8)
  2 giant spores
  7 fungi
  9 plants
36 creatures vanquished.

Grand Total: 1799 creatures vanquished

Notes
Turn   | Place    | Note
--------------------------------------------------------------
     0 | D:1      | ICantDie, the Felid Berserker, began the quest for the Orb.
     0 | D:1      | Reached XP level 1. HP: 10/10 MP: 2/2
   385 | D:1      | Reached XP level 2. HP: 11/14 MP: 3/3
   882 | D:1      | Reached XP level 3. HP: 17/17 MP: 4/4
  1032 | D:1      | Acquired Trog's second power
  1531 | D:2      | Reached XP level 4. HP: 18/21 MP: 5/5
  1987 | D:2      | Found a basalt altar of Yredelemnul.
  2090 | D:3      | Noticed Natasha
  2099 | D:3      | Killed Natasha
  2100 | D:3      | Reached skill level 5 in Dodging
  2229 | D:3      | Noticed Vidiiot's ghost (weakling HOBe)
  2340 | D:3      | Noticed Natasha
  2344 | D:3      | Noticed Grinder
  2359 | D:2      | Killed Natasha
  2642 | D:3      | Noticed Ijyb
  2668 | D:3      | Reached XP level 5. HP: 21/25 MP: 6/6
  2808 | D:4      | Reached skill level 1 in Stealth
  2905 | D:4      | Found a sacrificial altar of Ru.
  3076 | D:4      | Noticed a phantom
  3552 | D:4      | Found a staircase to the Ecumenical Temple.
  3561 | D:4      | Reached skill level 5 in Unarmed Combat
  3707 | D:4      | Found Oreregg's Jewellery Shop.
  3713 | D:4      | Bought a +2 ring of protection for 110 gold pieces
  4011 | D:4      | Gained mutation: You are covered in thick fur (AC +2). [Felid growth]
  4011 | D:4      | Reached XP level 6. HP: 27/28 MP: 7/7
  4285 | D:5      | Entered Level 5 of the Dungeon
  4353 | D:5      | Acquired Trog's third power
  4853 | D:5      | Reached XP level 7. HP: 33/33 MP: 8/8
  5165 | D:5      | Reached skill level 6 in Dodging
  6466 | D:6      | Reached skill level 5 in Fighting
  6582 | D:6      | Reached skill level 5 in Stealth
  6672 | D:6      | Reached XP level 8. HP: 37/37 MP: 9/9
  6711 | D:6      | Reached skill level 7 in Unarmed Combat
  6779 | D:6      | Found a sparkling altar of Nemelex Xobeh.
  7666 | D:7      | Reached skill level 8 in Unarmed Combat
  7683 | D:7      | Found a blossoming altar of Fedhas.
  7734 | D:7      | Found an opulent altar of Gozag.
  7978 | D:8      | Reached XP level 9. HP: 41/41 MP: 10/10
  8197 | D:8      | Found an ancient bone altar of Kikubaaqudgha.
  9113 | D:9      | Reached skill level 9 in Unarmed Combat
  9176 | D:9      | Noticed Prince Ribbit
  9188 | D:9      | Killed Prince Ribbit
  9784 | D:9      | Noticed a death yak
 10069 | D:9      | Reached XP level 10. HP: 40/47 MP: 11/11
 10146 | D:9      | Noticed a cyclops
 10178 | D:9      | Killed a cyclops
 10178 | D:9      | Reached skill level 10 in Unarmed Combat
 10554 | D:10     | Entered Level 10 of the Dungeon
 10750 | D:10     | Found a staircase to the Lair.
 11364 | D:10     | Reached skill level 10 in Dodging
 11550 | D:10     | Reached skill level 10 in Stealth
 11550 | D:10     | Reached skill level 11 in Unarmed Combat
 12054 | D:10     | Noticed an unseen horror
 12065 | D:10     | Killed an unseen horror
 12065 | D:10     | Reached skill level 1 in Evocations
 12296 | D:11     | Reached XP level 11. HP: 51/51 MP: 13/13
 12406 | D:11     | You fall through a shaft for 2 floors!
 13500 | Lair:1   | Entered Level 1 of the Lair of Beasts
 14278 | Lair:2   | Reached skill level 12 in Unarmed Combat
 14766 | Lair:2   | Found a burning altar of Makhleb.
 14899 | Lair:2   | Identified 2 scrolls of acquirement
 15599 | Lair:2   | Gained mutation: Your thick and shaggy fur keeps you warm (AC +3, rC+). [Felid growth]
 15599 | Lair:2   | Reached XP level 12. HP: 57/57 MP: 16/16
 15625 | Lair:2   | Reached skill level 5 in Evocations
 16375 | Lair:3   | Reached skill level 13 in Unarmed Combat
 16772 | Lair:3   | Found a staircase to the Shoals.
 17220 | Lair:3   | Found a hole to the Spider Nest.
 17800 | Lair:4   | Found a shattered altar of Ashenzari.
 19036 | Lair:5   | Noticed an ice dragon
 20171 | Lair:6   | Reached skill level 10 in Fighting
 20532 | Lair:6   | Reached XP level 13. HP: 51/61 MP: 17/19
 21042 | Lair:6   | Noticed a catoblepas
 21054 | Lair:6   | Killed a catoblepas
 21143 | Lair:6   | You fall through a shaft!
 21261 | Lair:6   | Found a staircase to the Slime Pits.
 21262 | Lair:6   | Found a viscous altar of Jiyva.
 21337 | Lair:6   | Reached skill level 14 in Unarmed Combat
 21929 | Lair:6   | HP: 3/61 [fire drake/blast of flame (23)]
 23285 | Lair:8   | Entered Level 8 of the Lair of Beasts
 23702 | Lair:8   | Noticed Nessos
 24320 | Lair:8   | Noticed Snorg
 24324 | Lair:8   | Killed Snorg
 24545 | Lair:7   | Mangled by a death yak
 24546 | Lair:7   | Reached XP level 12. HP: -9/59 MP: 19/19
 24823 | D:12     | Noticed a hill giant
 24831 | D:12     | Reached XP level 13. HP: 63/63 MP: 20/20
 24941 | D:12     | Noticed a hill giant
 24941 | D:12     | Noticed a hill giant
 24947 | D:12     | Killed a hill giant
 24952 | D:12     | Killed a hill giant
 25108 | D:12     | Reached skill level 15 in Unarmed Combat
 25122 | D:13     | Noticed a centaur warrior
 25134 | D:13     | Killed a centaur warrior
 25525 | D:12     | Found Juta's Assorted Antiques.
 25526 | D:12     | Found a staircase to the Orcish Mines.
 25528 | D:12     | Bought a disc of storms for 520 gold pieces
 25604 | D:12     | Bought an iron wand for 104 gold pieces
 25606 | D:12     | Gained mutation: Your muscles are strong. (Str +2) [potion of beneficial mutation]
 25692 | D:12     | Killed a hill giant
 26101 | D:12     | Noticed a hill giant
 26115 | D:12     | Killed a hill giant
 26511 | Orc:1    | Entered Level 1 of the Orcish Mines
 26544 | Orc:1    | Found a burning altar of Makhleb.
 26895 | Orc:2    | Noticed Sonja
 27825 | Lair:8   | Killed Nessos
 28828 | Lair:8   | Reached XP level 14. HP: 45/67 MP: 20/22
 28998 | Lair:8   | Reached skill level 15 in Stealth
 29856 | Orc:2    | Killed Sonja
 30515 | Orc:3    | Reached skill level 16 in Unarmed Combat
 31466 | Orc:4    | Entered Level 4 of the Orcish Mines
 31469 | Orc:4    | Found a bloodstained altar of Trog.
 31615 | Orc:4    | Found Josuiwn's Weapon Emporium.
 31721 | Orc:4    | Found a staircase to the Elven Halls.
 33290 | Orc:4    | Found Qinole's Food Boutique.
 33290 | Orc:4    | Found Piukhlec's Armour Shoppe.
 33293 | Orc:4    | Found Cusuifex's Weapon Emporium.
 33295 | Orc:4    | Found Imoreh's Distillery.
 33308 | Orc:4    | Bought a potion of beneficial mutation for 455 gold pieces
 33308 | Orc:4    | Bought a potion of heal wounds for 65 gold pieces
 33308 | Orc:4    | Bought 2 potions of curing for 78 gold pieces
 33308 | Orc:4    | Bought a potion of curing for 39 gold pieces
 33308 | Orc:4    | Gained mutation: You can breathe flames. [potion of beneficial mutation]
 33309 | Orc:4    | Gained mutation: You have a pair of small horns on your head. [potion of beneficial mutation]
 33607 | Spider:1 | Entered Level 1 of the Spider Nest
 34146 | Spider:1 | Noticed Agnes
 34684 | Spider:1 | Killed Agnes
 34684 | Spider:1 | Reached skill level 15 in Dodging
 34684 | Spider:1 | Reached skill level 10 in Evocations
 35015 | Spider:1 | Noticed Louise
 35021 | Spider:1 | Killed Louise
 35146 | Spider:1 | Noticed Nikola
 36565 | Spider:3 | Identified the Tome of Boosts
 36797 | Spider:3 | Reached XP level 15. HP: 72/72 MP: 23/23
 37493 | Spider:4 | Blown up by an orb spider
 37494 | Spider:4 | Reached XP level 14. HP: -17/69 MP: 22/22
 38005 | Shoals:1 | Entered Level 1 of the Shoals
 39418 | Shoals:1 | Reached skill level 17 in Unarmed Combat
 40233 | Shoals:1 | You fall through a shaft!
 41733 | Shoals:3 | Noticed Polyphemus
 41777 | Shoals:3 | HP: 1/69 [something/blast of calcifying dust[Polyphemus] (5)]
 42066 | Shoals:3 | Killed Polyphemus
 42872 | Shoals:4 | Found a stormy altar of Qazlal.
 43095 | Shoals:3 | Reached XP level 15. HP: 73/73 MP: 24/24
 45585 | D:13     | Found a stormy altar of Qazlal.
 45995 | D:14     | Found a gate to the Vaults.
 47122 | D:14     | Found a sacrificial altar of Ru.
 47596 | D:15     | Entered Level 15 of the Dungeon
 47919 | D:15     | Noticed Joseph
 47943 | D:15     | Killed Joseph
 48233 | D:15     | Found a glowing silver altar of Zin.
 48436 | D:15     | Reached skill level 18 in Unarmed Combat
 48690 | D:15     | Found a staircase to the Depths.
 48794 | D:15     | Noticed Urug
 48823 | D:15     | Killed Urug
 49261 | D:15     | Reached XP level 16. HP: 78/78 MP: 26/26
 50091 | Spider:5 | Entered Level 5 of the Spider Nest
 52407 | Spider:5 | Paralysed by a hornet for 4 turns
 52409 | Spider:5 | Slain by a hornet
 52410 | Spider:5 | Reached XP level 15. HP: -5/75 MP: 0/25
 53108 | Spider:5 | Got a gossamer rune of Zot
 53624 | Vaults:1 | Entered Level 1 of the Vaults
 54826 | Vaults:1 | Reached XP level 16. HP: 64/79 MP: 26/26
 55643 | Vaults:2 | Reached skill level 19 in Unarmed Combat
 57521 | Vaults:2 | Found Tautigh's Antique Weapon Boutique.
 58563 | Vaults:3 | Got a slimy zirconium amulet
 58564 | Vaults:3 | Identified the amulet "Wapnet" {+Rage +Inv rF+ Int+2 SInv} (You acquired it on level 3 of the Vaults)
 60148 | Vaults:3 | Reached XP level 17. HP: 84/84 MP: 28/28
 61908 | Vaults:3 | Found a staircase to the Crypt.
 63420 | Vaults:4 | Reached skill level 20 in Unarmed Combat
 64012 | Vaults:4 | Reached skill level 15 in Fighting
 64722 | Vaults:4 | Shot with a bolt of frost by a yaktaur
 64723 | Vaults:4 | Reached XP level 16. HP: -5/81 MP: 27/27
 64769 | Vaults:4 | Reached XP level 17. HP: 85/85 MP: 28/28
 64823 | Vaults:4 | Noticed a lich
 66552 | Vaults:4 | Killed a lich
 67748 | Shoals:5 | Entered Level 5 of the Shoals
 68238 | Shoals:5 | Hit by a javelin of penetration thrown by a merfolk javelineer
 68239 | Shoals:5 | Reached XP level 16. HP: -1/121 MP: 28/28
 68337 | Shoals:5 | Noticed Ilsuiw
 68640 | Shoals:5 | Killed Ilsuiw
 69859 | Shoals:5 | Mangled by a snapping turtle

Action                   |  1- 3 |  4- 6 |  7- 9 | 10-12 | 13-15 | 16-18 || total
-------------------------+-------+-------+-------+-------+-------+-------++-------
Melee: Unarmed           |   111 |   157 |   308 |   755 |  2297 |  1444 ||  5072
Invok: Berserk           |     7 |    14 |    22 |    34 |    76 |    58 ||   211
       Brothers in Arms  |       |       |       |       |    18 |    26 ||    44
       Trog's Hand       |       |       |       |       |     1 |     1 ||     2
Evoke: Wand              |       |       |       |     7 |    52 |    41 ||   100
  Use: Scroll            |     1 |     8 |     1 |    28 |    18 |    16 ||    72
       Potion            |       |       |     2 |     4 |    14 |     4 ||    24
 Stab: Sleeping          |       |     5 |    13 |    20 |   112 |    27 ||   177
       Distracted        |       |       |     2 |     8 |    32 |    26 ||    68
       Fleeing           |       |       |     1 |     2 |       |       ||     3
       Confused          |       |       |       |       |       |     2 ||     2
  Eat: Chunk             |     6 |    20 |    35 |    51 |   151 |    90 ||   353
       Meat ration       |       |       |     1 |       |       |       ||     1
       Royal jelly       |       |       |       |       |     1 |       ||     1
       Pizza             |       |       |       |       |       |     1 ||     1
       Beef jerky        |       |       |       |       |       |     1 ||     1
